AoeStats
← Kez

Arena

506619886Analyzed
1v1 RM · 18d ago on Sep 14, 2026· 43m 15s· 2 players
Game mode
Random Map
Map size
Tiny (2 player)
Population
200
Speed
Normal
Resources
Standard
Victory
Conquest
Starting age
Dark Age
Ending age
Imperial Age
RankedLock teamsTeams togetherTeam positionsShared explorationLock speedFull tech treeHidden civsTurbo modeCheats
Victory
Defeat
🇳🇱 Mapuche · Netherlands
1270
+16
🇩🇪 Burgundians · Germany
1273
-16
Kez
9:40 Feudal Age
13:51 Castle Age
12:15 Double-Bit Axe
12:46 Loom
23:09 Horse Collar
26:14 Wheelbarrow
30:20 Imperial Age
28:40 Fletching
29:07 Bow Saw
29:34 Gold Mining
29:14 Pikeman
31:06 Hand Cart
30:43 Town Watch
33:22 Stone Mining
34:06 Halberdier
34:53 Heavy Plow
35:21 Ballistics
35:20 Elite Bolas Rider
36:36 Scale Mail Armor
37:09 Conscription
37:30 Bodkin Arrow
37:46 Forging
40:14 Chemistry
40:08 Padded Archer Armor
40:15 Siege Engineers
41:10 Malon
41:16 Butalmapu
41:50 Arson
43:21 Leather Archer Armor
43:21 Chain Mail Armor
43:42 Iron Casting
silkroad
6:29 Double-Bit Axe
11:08 Feudal Age
10:41 Loom
14:50 Castle Age
13:22 Bow Saw
24:27 Wheelbarrow
24:21 Town Watch
25:45 Two-Man Saw
24:54 Horse Collar
27:00 Hand Cart
29:39 Imperial Age
28:11 Scale Barding Armor
28:17 Forging
28:09 Stone Mining
28:09 Gold Mining
28:24 Heavy Plow
28:49 Town Patrol
28:53 Husbandry
28:58 Cavalier
29:33 Treadmill Crane
30:45 Gold Shaft Mining
30:35 Chain Barding Armor
32:26 Plate Barding Armor
32:27 Iron Casting
31:15 Light Cavalry
32:38 Stone Shaft Mining
32:37 Conscription
33:39 Conscription
33:25 Burgundian Vineyards
33:27 Hussar
34:56 Squires
34:41 Arson
34:17 Pikeman
35:03 Scale Mail Armor
36:04 Blast Furnace
36:10 Conscription
35:56 Burgundian Vineyards
38:43 Chain Mail Armor
38:38 Halberdier
38:48 Halberdier
42:12 Chemistry
41:33 Ballistics
41:26 Masonry
41:37 Ballistics
Connection lost

Rejoining the realm…

Still unreachable

The connection could not be restored.

Session expired

The server has moved on; the page needs a fresh start.